 Dungeon Crawl Stone Soup version 0.17-a0-1310-gaf4f4d6 (webtiles) character file.

276 Quirk the Shield-Bearer (level 6, 0/38 HPs)
             Began as a Gargoyle Fighter on June 8, 2015.
             Was an Initiate of Qazlal.
             Killed by divine providence
             ... invoked by an orc priest
              (15 damage)
             ... on level 3 of the Dungeon.
             The game lasted 00:06:05 (2246 turns).

Quirk the Shield-Bearer (Gargoyle Fighter)          Turns: 2246, Time: 00:06:05

Health: 0/38       AC: 12    Str: 20    XL:     6   Next: 25%
Magic:  6/6        EV:  6    Int:  9    God:    Qazlal [......]
Gold:   86         SH: 14    Dex: 10    Spells: 0 memorised, 5 levels left

rFire  . . .     SeeInvis .     a - +0 flail
rCold  . . .     Clarity  .     b - +0 scale mail
rNeg   + . .     SustAt   .     i - +0 large shield
rPois  ∞         Gourm    .     (no helmet)
rElec  +         Spirit   .     t - +0 cloak
rCorr  .         Warding  .     (no gloves)
rMut   .         Stasis   .     (no boots)
MR     .....                    (no amulet)
Stlth  ..........               (no ring)
                                (no ring)

@: slowed, very slow, not resistant to hostile enchantments, extremely
unstealthy
A: negative energy resistance 1, electricity resistance, unbreathing,
petrification resistance, rot immunity, AC +4
a: Renounce Religion


You were on level 3 of the Dungeon.
You worshipped Qazlal.
Qazlal was noncommittal.
You were not hungry.

You visited 1 branch of the dungeon, and saw 3 of its levels.

You collected 86 gold pieces.

Inventory:

Hand weapons
 a - a +0 flail (weapon)
Missiles
 g - 2 javelins of returning (quivered)
Armour
 b - a +0 scale mail (worn)
 i - a +0 large shield (worn)
 t - a +0 cloak (worn)
Magical devices
 r - a wand of confusion (20)
Scrolls
 j - a scroll of teleportation {unknown}
 m - a scroll of enchant weapon {unknown}
 n - 4 scrolls of identify {unknown}
 o - a scroll of blinking {unknown}
 p - a scroll of amnesia {unknown}
Potions
 c - a potion of resistance {unknown}
 d - a potion of might
 f - 2 potions of cancellation {unknown}
 k - 2 potions of brilliance {unknown}
 q - a potion of mutation {unknown}
 s - a potion of heal wounds {unknown}
Books
 l - a book of Changes

   Spells                             Type                      Level
   a - Beastly Appendage              Transmutation                1
   b - Sticks to Snakes               Transmutation                2
   c - Spider Form                    Transmutation/Poison         3
   d - Ice Form                       Ice/Transmutation            4
   e - Blade Hands                    Transmutation                5
Comestibles
 e - 5 bread rations
 h - 2 meat rations
 u - a chunk of flesh


   Skills:
 + Level 4.2 Fighting
 + Level 3.1 Maces & Flails
 + Level 4.2 Armour
 + Level 1.7 Dodging
 + Level 2.3 Stealth
 + Level 4.3 Shields
 + Level 0.4 Invocations


You had 5 spell levels left.
You didn't know any spells.

Dungeon Overview and Level Annotations

Branches:
Dungeon (3/15)

Altars:
Nemelex Xobeh
Qazlal


Innate Abilities, Weirdness & Mutations

You are resistant to torment.
Your stone body is resilient (AC +4).
You are immune to poison.
You resist negative energy.
You are resistant to electric shocks.
You can survive without breathing.
You are immune to petrification.
You are immune to rotting.


Message History

The orc barely misses you.
Your scale mail prevents you from hitting the orc priest.
The orc priest is lightly wounded.
The orc wizard hits you with a dagger. You block the orc priest's attack.
The orc hits you but does no damage. The orc wizard casts a spell at you.
You feel yourself slow down. The orc barely misses you.
The orc hits you but does no damage. You block the orc priest's attack.
The orc wizard hits you but does no damage.
You closely miss the orc priest.
The orc priest is lightly wounded.
The orc wizard hits you but does no damage.
You block the orc's attack. The orc hits you but does no damage.
You block the orc wizard's attack.
The orc priest invokes the aid of Beogh against you.
Pain shoots through your body! You block the orc's attack.
The orc hits you but does no damage. The orc wizard hits you with a dagger.
The orc priest invokes the aid of Beogh against you.
Something smites you!
You die...

#########
##########........ #######
#........#........
#.....###......o.#........
#..............o@#..o.....
................oo........
..............#.......)#..
..............#........#
#.......#.....#........#
#.......#.....#........#
#.............#..........
#......>......#........#..
#####.........#........#..


You could see an orc priest, an orc wizard and 2 orcs.

Vanquished Creatures
  An orc priest (D:3)
  Crazy Yiuf (D:3)
  An orc wizard (D:3)
  Terence (D:2)
  Natasha (twice) (D:2)
  A worker ant (D:3)
  4 adders (D:2)
  An ooze (D:2)
  2 worms (D:2)
  9 orcs
  3 hobgoblins
  9 kobolds
  A quokka (D:2)
  5 bats
  4 giant cockroaches
  2 giant geckos (D:3)
  2 giant newts
  4 goblins
  12 rats
65 creatures vanquished.

Notes
Turn   | Place    | Note
--------------------------------------------------------------
     0 | D:1      | Quirk the Gargoyle Fighter began the quest for the Orb.
     0 | D:1      | Reached XP level 1. HP: 14/14 MP: 1/1
   411 | D:1      | Reached XP level 2. HP: 19/19 MP: 2/2
   796 | D:2      | Reached XP level 3. HP: 23/23 MP: 3/3
   890 | D:2      | Noticed Terence
   898 | D:2      | Killed Terence
   898 | D:2      | Reached skill level 1 in Stealth
   898 | D:2      | Reached XP level 4. HP: 29/29 MP: 4/4
   905 | D:2      | Noticed Natasha
   925 | D:2      | Killed Natasha
   925 | D:2      | Reached skill level 1 in Dodging
   942 | D:2      | Found a sparkling altar of Nemelex Xobeh.
  1005 | D:2      | Reached skill level 4 in Fighting
  1113 | D:2      | Reached XP level 5. HP: 30/33 MP: 5/5
  1422 | D:2      | Noticed Natasha
  1425 | D:2      | Killed Natasha
  1825 | D:3      | Found a stormy altar of Qazlal.
  1840 | D:3      | Became a worshipper of Qazlal Stormbringer
  1878 | D:3      | Reached XP level 6. HP: 5/38 MP: 6/6
  2169 | D:3      | Noticed Crazy Yiuf
  2175 | D:3      | Killed Crazy Yiuf
  2246 | D:3      | Killed from afar by an orc priest

Vault maps used:
D:1:      minmay_arrival_split_and_join
D:2:      nemelex_dance_club_becter, uniq_terence, uniq_natasha
D:3:      lemuel_doored_altar, uniq_crazy_yiuf_cottage

Action                   |  1- 3 |  4- 6 || total
-------------------------+-------+-------++-------
Melee: Flail             |    88 |   169 ||   257
  Eat: Chunk             |       |     5 ||     5
